 Dungeon Crawl Stone Soup version 0.30-a0-883-g5ad918d77d (webtiles) character file.

Game seed: 5290339192492394975

734052 Iich the Axe Maniac (level 27, -8/218 HPs)
             Began as a Hill Orc Fighter on Mar 16, 2023.
             Was the Champion of the Shining One.
             Shot with an arrow by a deep elf master archer (14 damage)
             ... created by the fury of Okawaru
             ... on level 10 of the Dungeon on Mar 18, 2023.
             The game lasted 03:10:56 (87851 turns).

Iich the Axe Maniac (Hill Orc Fighter)             Turns: 87851, Time: 03:10:56

Health: -8/218     AC: 48    Str: 28 (29) XL:     27
Magic:  17/24      EV: 27    Int:  2 (4)  God:    the Shining One [******]
Gold:   8455       SH: 31    Dex: 24 (25) Spells: 26/26 levels left

rFire   + + .      SeeInvis .    P - +9 sacred scourge (holy)
rCold   + + .      Faith    .    X - +3 tower shield of the Tundras {MP+9 Dex+3}
rNeg    + + +      Spirit   .    W - +16 plate armour of the Pirate {*Corrode rPois rN+++ Slay-5}
rPois   +          Reflect  .    L - +2 hat {Will+}
rElec   +          Rampage  .    z - +4 dragonskin cloak
rCorr   .          Harm     + .  N - +0 pair of gloves {infuse}
Will    +++++      Rage     9%   T - +0 pair of boots of Fashionability {Harm rElec rN+ Slay+3} Stlth
                                 Z - amulet of Weehesem {RegenMP rC+ Will+ Str+4 Dex+3}
HPRegen 0.56/turn                M - ring "Adeomp" {Drain rF++ Will+ AC+4 Dex+3}
MPRegen 0.59/turn                G - ring of Kyekky {rElec rPois rC+ MP-9 EV+5}

@: on berserk cooldown, slowed, glowing, studying 5 skills, very slow
A: thin skeletal structure 1, berserk 2, clumsy 1, deformed body, deterioration
1, dopey 2, frail 2, low MP 3, weak 1, subdued magic 2
0: Orb of Zot
}: 5/15 runes: barnacled, slimy, silver, abyssal, gossamer
a: Renounce Religion, Divine Shield, Cleansing Flame, Summon Divine Warrior,
Brand Weapon With Holy Wrath


You were on level 10 of the Dungeon.
You worshipped the Shining One.
The Shining One was exalted by your worship.
You visited 12 branches of the dungeon, and saw 56 of its levels.
You visited the Abyss 1 time.
You also visited: Trove, Volcano, Wizlab and Desolation.

You collected 9969 gold pieces.
You spent 1514 gold pieces at shops.

Inventory:

Hand Weapons
 P - a +9 sacred scourge of holy wrath (weapon)
 Q - a +9 broad axe of freezing
Missiles
 u - 5 throwing nets
Armour
 s - the +3 pair of gloves of Indomitability {Int+3 Stlth+}
   (You found it on level 3 of the Depths)

   Int:       It affects your intelligence (+3).
   Stlth:     It makes you more stealthy.
 z - the +4 dragonskin cloak (worn)
   (You took it off Tiamat on level 4 of the Realm of Zot)

   Avatar's Aegis: It grants the wearer a chance to resist fire, cold, poison,
   electricity, acid, and negative energy.
 L - a +2 hat of willpower (worn)
 N - a +0 pair of gloves of infusion (worn)
 T - the +0 pair of boots of Fashionability (worn) {Harm rElec rN+ Slay+3}
   (You acquired it on level 1 of the Shoals)

   Slay:      It affects your accuracy & damage with ranged weapons and melee
   (+3).
   rElec:     It insulates you from electricity.
   rN:        It protects you from negative energy.
   Harm:      It increases damage dealt and taken.
 W - the +16 plate armour of the Pirate (worn) {*Corrode rPois rN+++ Slay-5}
   (Okawaru gifted it to you on level 4 of the Spider Nest)

   Slay:      It affects your accuracy & damage with ranged weapons and melee
   (-5).
   rPois:     It protects you from poison.
   rN:        It renders you almost immune to negative energy.
   *Corrode:  It may corrode you when you take damage.
 X - the +3 tower shield of the Tundras (worn) {MP+9 Dex+3}
   (You acquired it on level 5 of the Realm of Zot)

   Dex:       It affects your dexterity (+3).
   MP:        It affects your magic capacity (+9).
 Y - a scarf of resistance
Jewellery
 f - the amulet "Juig" {Spirit rElec rPois rF++}
   (You found it in a treasure trove)

   [amulet of guardian spirit]

   It causes incoming damage to be divided between your reserves of health and
   magic.
   rF:        It greatly protects you from fire.
   rElec:     It insulates you from electricity.
   rPois:     It protects you from poison.
 i - a +4 ring of slaying
 r - an amulet of regeneration
 B - the ring of Taobe {rF- EV+5 Dex+4 SInv}
   (You took it off a necromancer on level 2 of the Crypt)

   [ring of evasion]

   EV:        It affects your evasion (+5).
   Dex:       It affects your dexterity (+4).
   rF:        It makes you vulnerable to fire.
   SInv:      It lets you see invisible.
 C - a ring of resist corrosion
 F - an amulet of reflection
 G - the ring of Kyekky (right hand) {rElec rPois rC+ MP-9 EV+5}
   (You found it on level 1 of the Crypt)

   [ring of evasion]

   EV:        It affects your evasion (+5).
   rC:        It protects you from cold.
   rElec:     It insulates you from electricity.
   rPois:     It protects you from poison.
   MP:        It affects your magic capacity (-9).
 M - the ring "Adeomp" (left hand) {Drain rF++ Will+ AC+4 Dex+3}
   (You found it in the Desolation of Salt)

   [ring of protection]

   AC:        It affects your AC (+4).
   Dex:       It affects your dexterity (+3).
   rF:        It greatly protects you from fire.
   Drain:     It drains your maximum health when unequipped.
   Will:      It increases your willpower.
 R - a ring of see invisible
 S - a ring of see invisible
 V - the ring "Faamirgh" {EV+5 Dex+6}
   (You found it on level 1 of the Lair of Beasts)

   [ring of evasion]

   EV:        It affects your evasion (+5).
   Dex:       It affects your dexterity (+6).
 Z - the amulet of Weehesem (around neck) {RegenMP rC+ Will+ Str+4 Dex+3}
   (You took it off a deep elf master archer on level 3 of the Elven Halls)

   [amulet of magic regeneration]

   It increases your rate of magic regeneration.
   Str:       It affects your strength (+4).
   Dex:       It affects your dexterity (+3).
   rC:        It protects you from cold.
   Will:      It increases your willpower.
Wands
 a - a wand of light (20)
 j - a wand of flame (116)
 l - a wand of mindburst (7)
 v - a wand of roots (55)
 x - a wand of paralysis (45)
 D - a wand of digging (24)
Scrolls
 e - 6 scrolls of enchant weapon
 g - 10 scrolls of fear
 k - 7 scrolls of torment
 m - 6 scrolls of magic mapping
 p - a scroll of immolation
 t - 20 scrolls of teleportation
 J - 11 scrolls of fog
 K - 5 scrolls of poison
 O - 2 scrolls of silence
Potions
 b - 6 potions of cancellation
 d - 11 potions of might
 h - 5 potions of haste
 n - 3 potions of resistance
 q - 22 potions of curing
 w - 14 potions of flight
 y - 6 potions of magic
 E - 9 potions of ambrosia
 H - 7 potions of invisibility
 U - a potion of lignification
Miscellaneous
 c - a tin of tremorstones (2/2)
 o - a phial of floods
 A - a condenser vane
 I - a lightning rod (4/4)


   Skills:
 O Level 27 Fighting
 O Level 27 Axes
 * Level 17.8(22.7) Maces & Flails
 + Level 25.1 Armour
 + Level 19.0 Dodging
 O Level 27 Shields
 - Level 16.0 Invocations


You had 26 spell levels left.
You didn't know any spells.
Your spell library contained the following spells:

 Spells                   Type           Power      Damage    Failure   Level
 Foxfire                  Conj/Fire      0%         2x1d4     87%         1
 Kiss of Death            Conj/Necr      0%         2d5       87%         1
 Magic Dart               Conj           0%         1d3       87%         1
 Necrotise                Necr           0%         1d4       87%         1
 Shock                    Conj/Air       0%         1d3       87%         1
 Sting                    Tmut/Pois      0%         1d3       87%         1
 Blink                    Tloc           0%         N/A       95%         2
 Lesser Beckoning         Tloc           0%         N/A       95%         2
 Momentum Strike          Conj/Tloc      0%         3d8       95%         2
 Passwall                 Tmut/Erth      0%         N/A       95%         2
 Searing Ray              Conj           0%         2d4       95%         2
 Sublimation of Blood     Necr           0%         N/A       95%         2
 Wereblood                Tmut           0%         N/A       95%         2
 Confusing Touch          Hex            0%         N/A       99%         3
 Dazzling Flash           Conj/Hex       0%         N/A       99%         3
 Frozen Ramparts          Ice            0%         1d1       99%         3
 Gell's Gravitas          Tloc           0%         N/A       99%         3
 Hailstorm                Conj/Ice       0%         3d3       99%         3
 Ignite Poison            Fire/Tmut/Pois 0%         N/A       99%         3
 Inner Flame              Hex/Fire       0%         N/A       99%         3
 Kindle Blastsparks       Fire/Tloc/Air  0%         2d10      99%         3
 Ozocubu's Armour         Ice            0%         N/A       99%         3
 Portal Projectile        Hex/Tloc       0%         N/A       99%         3
 Spider Form              Tmut/Pois      0%         N/A       99%         3
 Swiftness                Air            0%         N/A       99%         3
 Teleport Other           Tloc           0%         N/A       99%         3
 Tukima's Dance           Hex            0%         N/A       99%         3
 Vampiric Draining        Necr           0%         2d6       99%         3
 Vhi's Electric Charge    Tloc/Air       0%         N/A       99%         3
 Airstrike                Air            0%         2d(0-16)  100%        4
 Animate Armour           Summ/Erth      0%         N/A       100%        4
 Animate Dead             Necr           0%         N/A       100%        4
 Cause Fear               Hex            0%         N/A       100%        4
 Dispel Undead            Necr           0%         3d6       100%        4
 Flame Wave               Conj/Fire      0%         2d4       100%        4
 Fulminant Prism          Conj/Hex       0%         3d5       100%        4
 Ice Form                 Ice/Tmut       0%         N/A       100%        4
 Iskenderun's Mystic Bla  Conj/Tloc      0%         2d3       100%        4
 Manifold Assault         Tloc           0%         N/A       100%        4
 Passage of Golubria      Tloc           0%         N/A       100%        4
 Petrify                  Tmut/Erth      0%         N/A       100%        4
 Sticky Flame             Conj/Fire      0%         2d3       100%        4
 Summon Ice Beast         Ice/Summ       0%         N/A       100%        4
 Agony                    Necr           0%         N/A       100%        5
 Alistair's Intoxication  Tmut/Pois      0%         N/A       100%        5
 Arcjolt                  Conj/Air       0%         1d10      100%        5
 Blade Hands              Tmut           0%         N/A       100%        5
 Borgnjor's Vile Clutch   Necr/Erth      0%         N/A       100%        5
 Fireball                 Conj/Fire      0%         3d3       100%        5
 Freezing Cloud           Conj/Ice/Air   0%         6-21      100%        5
 Irradiate                Conj/Tmut      0%         3d11      100%        5
 Iskenderun's Battlesphe  Conj           0%         2d6       100%        5
 Lee's Rapid Deconstruct  Erth           0%         3d4*      100%        5
 Silence                  Hex/Air        0%         N/A       100%        5
 Summon Forest            Summ/Tloc      0%         N/A       100%        5
 Yara's Violent Unravell  Hex/Tmut       0%         3d3       100%        5
 Dispersal                Tloc           0%         N/A       100%        6
 Eringya's Noxious Bog    Tmut/Pois      0%         N/A       100%        6
 Iron Shot                Conj/Erth      0%         9d1       100%        6
 Simulacrum               Ice/Necr       0%         N/A       100%        6
 Starburst                Conj/Fire      0%         6d3       100%        6
 Statue Form              Tmut/Erth      0%         N/A       100%        6
 Dragon Form              Tmut           0%         N/A       100%        7
 Orb of Destruction       Conj           0%         9d5       100%        7
 Ozocubu's Refrigeration  Ice            0%         4d7       100%        7
 Spellforged Servitor     Conj/Summ      0%         N/A       100%        7
 Storm Form               Tmut/Air       0%         N/A       100%        7
 Summon Hydra             Summ           0%         N/A       100%        7
 Borgnjor's Revivificati  Necr           0%         N/A       100%        8
 Discord                  Hex            0%         N/A       100%        8
 Ignition                 Fire           0%         3d3       100%        8
 Lehudib's Crystal Spear  Conj/Erth      0%         10d2      100%        8
 Maxwell's Capacitive Co  Air            0%         ∞         100%        8
 Necromutation            Tmut/Necr      0%         N/A       100%        8
 Chain Lightning          Conj/Air       0%         N/A       100%        9
 Death's Door             Necr           0%         N/A       100%        9
 Fire Storm               Conj/Fire      0%         5d1       100%        9
 Shatter                  Erth           0%         3d5*      100%        9


Dungeon Overview and Level Annotations

Branches:
Dungeon (15/15)            Temple (1/1) D:4            Lair (5/5) D:10
 Shoals (4/4) Lair:3       Spider (4/4) Lair:2        Slime (5/5) Lair:5
    Orc (2/2) D:12            Elf (3/3) Orc:2        Vaults (5/5) D:14
  Crypt (3/3) Vaults:2       Tomb (0/3) Crypt:3      Depths (4/4) D:15
    Zot (5/5) Depths:4    Volcano (visited)          WizLab (visited)
Desolation (visited)

Altars:
Ashenzari
Cheibriados
Dithmenos
Elyvilon
Fedhas
Gozag
Hepliaklqana
Kikubaaqudgha
Makhleb
Nemelex Xobeh
Okawaru
Qazlal
Ru
Sif Muna
Trog
Uskayaw
Vehumet
Wu Jian
Xom
Yredelemnul
Zin
The Shining One
Beogh
Jiyva

Shops:
D:7 :   D:11 :   D:12 *   D:13 (   Orc:2 =(*:   Elf:1 (   Shoals:2 =
Vaults:3 [   Vaults:4 (   Depths:2 ?

Portals:
Hell: Depths:1 Depths:2 Depths:3 Depths:4
Abyss: Depths:2 Depths:3 Depths:4
Pandemonium: Depths:1 Depths:2
Ziggurat: Depths:2

Annotations:
Vaults:4 2 transporters, Yhaurph's ghost, adept MiFi


Innate Abilities, Weirdness & Mutations

You have a somewhat thin skeletal structure. (Dex +2, Stealth+)
You have an uncontrollable temper.
You are clumsy. (Dex -2)
Armour fits poorly on your strangely shaped body.
Your body sometimes deteriorates upon taking damage.
You are very dopey. (Int -4)
You are very frail. (-20% HP)
Your magical capacity is extremely low. (-30% MP)
You are weak. (Str -2)
Your spells are easier to cast, but less powerful.


Message History

The fire giant hits you with a +2 great sword of flaming!
* * * LOW HITPOINT WARNING * * *
The fire giant burns you.
* * * LOW HITPOINT WARNING * * *
The deep elf master archer shoots an arrow.
You block the arrow.
The deep elf master archer shoots an arrow.
The arrow hits you!
* * * LOW HITPOINT WARNING * * *
The deep elf blademaster hits you but does no damage.
The deep elf blademaster hits you with a +0 rapier!
* * * LOW HITPOINT WARNING * * *
A demonic crawler comes into view.
You take 42 damage, and have 5/218 hp.
You now have 16/24 mp.
Read: 11 scrolls of fear
Press: ? - help, Q - select action, (/) - cycle Dir - look around, f - activate
As you read the scroll of fear, it crumbles to dust.
You assume a fearsome visage.
The deep elf master archer resists with almost no effort.
The deep elf blademaster looks frightened!
The deep elf master archer easily resists.
The fire giant resists with almost no effort.
The deep elf archer resists with some effort.
The stone giant resists with some effort.
The shadow demon resists with almost no effort.
The demonic crawler looks frightened!
The deep elf master archer shoots an arrow.
You block the arrow.
The deep elf master archer shoots an arrow.
You block the arrow.
Your angel closely misses the deep elf master archer.
Your angel hits the deep elf master archer with a +1 whip of holy wrath!
You block the stone giant's attack. The fire giant barely misses you.
The deep elf master archer shoots an arrow.
You block the arrow.
The deep elf master archer shoots an arrow.
The arrow completely misses you.
The arrow hits the stone giant!!
The deep elf master archer shoots an arrow.
The arrow hits you!
You die...

....# #..####.......#
#...# #.... ##..#
#.............# #...#
#.... ##..#
#...###.......# #...#
#.... ##.># #...#
#.......# #...# #....
##..# #...# #.......#
#...# #.... ##..#
#...# #.......###...#
#.... ##..# #...#
#.............# #....
##..###...#
#...CC........# #....
..........#
#.e.@.2.......# #....
..........#
#..eee..####..###....
##.####...# #.A.....#
#......... #.# #...#
#.......# #.........
#.# #...# #.......#
#......... #.# #...#
#.......# #.........
#.# #...# #....s..#
#......... #.# #...#
#.......####........)
#.# #...#
#....................


You could see a deep elf blademaster (fleeing), a fire giant, a stone giant, 2
deep elf master archers, a demonic crawler (fleeing), a shadow demon, a deep elf
archer (repels missiles) and a friendly angel (summoned).

Vanquished Creatures
  the Royal Jelly (Slime:5)
  5 dread liches
  Tiamat (Zot:4)
  2 pandemonium lords
  Mennas (Crypt:1)
  3 ancient liches
  8 orbs of fire
  Vv (Crypt:3)
  Josephina (Zot:4)
  Frederick (Vaults:5)
  3 Killer Klowns
  Saint Roka (Vaults:1)
  2 curse toes
  7 golden dragons
  the Enchantress (Depths:4)
  Nikola (Shoals:1)
  A bone dragon (Depths:4)
  A shard shrike zombie (Crypt:3)
  2 electric golems (Zot:5)
  3 doom hounds (Crypt:2)
  Jorgrun (D:14)
  A walking crystal tome (Depths:2)
  18 tentacled monstrosities
  31 Orb Guardians
  An Ice Fiend (Depths:3)
  3 liches
  Grunn (Crypt:2)
  Mlioglotl (Spider:3)
  8 deep elf master archers
  14 titans
  5 quicksilver dragons
  A walking frostbound tome (Depths:2)
  8 deep elf blademasters
  A kraken (Shoals:3)
  3 Executioners
  Polyphemus (Shoals:2)
  9 sphinxes
  21 acid blobs
  11 tentacled starspawn
  10 ancient champions
  12 tengu reavers
  Gastronok (D:9)
  12 death cobs
  10 azure jellies
  Roxanne (Elf:2)
  3 draconian monks
  14 shadow dragons
  20 storm dragons
  6 draconian knights
  22 fire giants
  3 revenants
  7 deep elf sorcerers
  20 frost giants
  3 iron dragons
  7 draconian scorchers
  5 ghost moths
  3 imperial myrmidons (Desolation)
  9 emperor scorpions
  2 caustic shrike zombies (Crypt:3)
  5 draconian shifters
  Louise (Depths:4)
  15 rockslimes
  Aizul (Shoals:4)
  The ghost of DiggyJ the Severer, a journeyman HOFi of Cheibriados (Shoals:1)
  21 vault wardens
  4 angels
  18 ironbound preservers
  4 curse skulls
  A juggernaut zombie (Crypt:3)
  7 draconian annihilators
  The ghost of Firecrotchwizard the Brawler, an adept VSMo of Makhleb (Shoals:1)
  An orc warlord (Vaults:3)
  5 spriggan defenders
  7 ghouls
  7 cacodemons
  7 quicksilver oozes
  5 reapers
  6 deep elf elementalists
  3 broodmothers (Spider:3)
  2 war gargoyles
  31 very ugly things
  27 stone giants
  An ophan (Abyss:3)
  A juggernaut skeleton (Crypt:2)
  8 green draconians
  18 vampire knights
  6 deep elf demonologists (Elf:3)
  10 ironbound thunderhulks
  17 dire elephants
  Azrael (Orc:2)
  8 black draconians
  7 yellow draconians
  A lorocyproca (Depths:2)
  2 halazid warlocks (Desolation)
  10 spark wasps
  9 red draconians
  19 starcursed masses
  3 white draconians
  8 deep elf annihilators
  The ghost of arandomgamer the Severer, a journeyman HOFi of Beogh (Lair:1)
  9 eidola
  13 deep elf death magi
  An orange crystal statue (WizLab)
  Snorg (Orc:2)
  2 crystal guardians
  11 ettins
  4 purple draconians
  A blizzard demon (Depths:2)
  16 jiangshi
  2 green deaths
  3 merfolk javelineers
  The ghost of Nabski the Arsonist, a journeyman TeFE of Hepliaklqana (Lair:5)
  10 yaktaur captains
  7 entropy weavers
  8 great orbs of eyes
  9 merfolk impalers
  6 fire dragons
  9 ragged hierophants (Desolation)
  5 deep elf high priests
  The ghost of Parcival the Blocker, a journeyman MiFi of Ashenzari (Shoals:1)
  14 peacekeepers
  3 rakshasas
  Erolcha (Orc:1)
  7 ice dragons
  8 servants of whispers (Desolation)
  31 vault guards
  2 ogre magi (Vaults:5)
  A ghost crab (Spider:1)
  5 hydras
  4 spriggan zombies
  5 spriggan air magi
  A radroach (Spider:2)
  3 hell beasts
  6 catoblepae
  11 centaur warriors
  3 satyrs
  13 boulder beetles
  5 merfolk avatars
  30 dancing weapons
  15 ironbound frosthearts
  An alligator snapping turtle (shapeshifter) (Vaults:4)
  An alligator snapping turtle (Shoals:4)
  3 death knights (Crypt:2)
  4 two-headed ogres
  4 merfolk aquamancers
  A naga warrior (Abyss:1)
  5 deep troll shamans
  8 death yaks
  4 tengu warriors
  13 vampire magi
  7 deep troll earth magi
  6 spriggan berserkers
  8 thrashing horrors
  19 hell knights
  2 soul eaters
  3 sun demons
  7 skysharks
  22 deep elf knights
  2 wretched stars
  A spectral death yak (Lair:5)
  9 pharaoh ants
  2 shadow wraiths
  3 sun moths
  5 glowing orange brains
  6 iron trolls
  2 sixfirhies
  45 skeletal warriors
  7 flayed ghosts
  15 sea snakes
  An orb spider (shapeshifter) (Vaults:5)
  A shadow demon (D:12)
  3 bog bodies
  A spectral anaconda (Lair:5)
  2 golden dragon zombies (Crypt:3)
  2 lindwurms (shapeshifter)
  A steelbarb worm (shapeshifter) (Vaults:5)
  2 obsidian statues
  60 deep trolls
  9 wizards
  18 deep elf archers
  28 ironbound convokers
  8 orb spiders
  A bunyip skeleton (Abyss:3)
  14 lindwurms
  A shadow dragon zombie (Crypt:3)
  27 deep elf pyromancers
  22 phantasmal warriors
  Pikel (D:6)
  A goliath frog zombie (Crypt:3)
  13 necromancers
  4 steelbarb worms
  34 ugly things
  22 harpies
  4 shining eyes
  A fire giant zombie (Depths:1)
  20 wolf spiders
  8 orc knights
  An orc sorcerer (Vaults:1)
  The ghost of relicbr the Covert, a novice SpDe of Dithmenos (D:8)
  18 fauns
  32 deep elf zephyrmancers
  8 manticores
  7 cyclopes
  26 elephants
  A centaur zombie (Crypt:3)
  2 worldbinders
  A salamander (shapeshifter) (Depths:2)
  24 moths of wrath
  A moth of wrath (shapeshifter) (Vaults:5)
  9 merfolk sirens
  A will-o-the-wisp (Abyss:3)
  A shadow dragon skeleton (Crypt:2)
  A stone giant skeleton (Depths:1)
  An apocalypse crab (Abyss:3)
  Joseph (D:7)
  3 water nymphs
  5 guardian serpents (Desolation)
  A toenail golem (Depths:3)
  7 molten gargoyles
  5 black mambas
  5 torpor snails
  A fire giant skeleton (Crypt:3)
  A rust devil (Depths:2)
  4 eyes of devastation
  9 smoke demons
  14 demonic crawlers
  16 cane toads
  23 vault sentinels
  2 orange demons (Zot:1)
  2 hellions
  A yellow draconian zombie (Crypt:3)
  Maggie (D:6)
  3 gargoyles
  A kobold demonologist (D:11)
  An unseen horror (shapeshifter) (Elf:3)
  4 rime drakes
  A centaur skeleton (Crypt:2)
  2 tormentors
  A sea snake zombie (Crypt:3)
  An unseen horror (D:10)
  2 dire elephant skeletons
  3 efreet
  10 freezing wraiths
  24 yaktaurs
  A yaktaur (shapeshifter) (Vaults:5)
  5 tengu conjurers
  A white draconian skeleton (Crypt:1)
  2 hydra zombies (Crypt:3)
  An unseen horror skeleton (Crypt:2)
  A redback zombie (Crypt:2)
  An anaconda simulacrum (Abyss:3)
  An ice devil (Abyss:1)
  A guardian mummy (Crypt:3)
  12 komodo dragons
  9 meliai
  6 tyrant leeches (Spider:1)
  2 hellwings (Abyss:3)
  2 red devils
  A merfolk (shapeshifter) (Elf:1)
  A tarantella (shapeshifter) (Vaults:5)
  6 wind drakes
  22 merfolk
  6 hornets
  2 harpy zombies
  A queen bee (Spider:3)
  6 trolls
  A mana viper skeleton (Crypt:1)
  2 polar bears
  10 snapping turtles
  A harpy skeleton (Abyss:1)
  12 raiju
  65 saltlings (Desolation)
  20 tarantellas
  13 blink frogs
  A stone giant simulacrum (Crypt:3)
  An ettin zombie (Crypt:3)
  38 large abominations
  A tarantella zombie (Crypt:1)
  A centaur simulacrum (D:14)
  27 jumping spiders
  Sigmund (D:3)
  2 air elementals (Elf:1)
  19 wraiths
  26 water elementals
  4 ynoxinuls
  2 ettin skeletons
  A shadow (Abyss:1)
  A fire dragon skeleton (Crypt:2)
  13 flying skulls
  72 slime creatures
  8 spriggans
  4 wyverns
  A spriggan skeleton (Depths:1)
  16 culicivoras
  49 yaks
  6 golden eyes
  19 humans (D:14)
  A human (shapeshifter) (Elf:3)
  7 fire elementals
  2 death yak simulacra (Lair:5)
  8 neqoxecs
  46 redbacks
  A faun zombie (Crypt:2)
  3 chaos spawn
  14 vampire mosquitoes
  2 basilisks
  2 steam dragons
  A deep troll zombie (Crypt:1)
  2 wargs
  2 spectral cane toads (Lair:5)
  2 naga zombies (Crypt:2)
  2 acid dragons
  2 moth of wrath simulacra (Zot:4)
  18 water moccasins
  Duvessa (D:6)
  34 orc warriors
  2 floating eyes (Depths:2)
  4 hell hounds (Orc:2)
  A swamp drake (D:10)
  5 black bears
  3 ice beasts
  A dream sheep zombie (Crypt:1)
  An elephant zombie (Lair:5)
  18 wolves
  10 ogres
  26 centaurs
  An elephant skeleton (Lair:5)
  A lemure (D:6)
  A phantom (D:5)
  4 kobold brigands
  2 gnoll sergeants
  6 earth elementals
  4 necrophages
  8 bullfrogs
  A cyclops zombie (Crypt:2)
  A naga simulacrum (Abyss:3)
  6 scorpions
  24 small abominations
  A raiju zombie (Crypt:2)
  7 wights (D:9)
  A hornet simulacrum (D:14)
  Dowan (D:6)
  An elephant simulacrum (Lair:5)
  A yak zombie (Crypt:1)
  14 killer bees
  2 howler monkeys
  4 electric eels
  A wolf zombie (Crypt:3)
  A crimson imp (Abyss:1)
  5 quasits
  5 hounds
  2 jellies (D:6)
  18 orc priests
  2 iron imps (Abyss:1)
  2 basilisk zombies
  2 iguanas (D:5)
  Ijyb (D:4)
  18 orc wizards
  4 hell rats (Lair:2)
  A tengu skeleton (Crypt:3)
  A hound zombie (Crypt:1)
  12 mummies (Crypt:3)
  18 gnolls
  5 adders
  4 river rats (Lair:2)
  A swamp drake zombie (Crypt:2)
  A swamp drake skeleton (Crypt:3)
  A shadow imp (D:7)
  4 white imps
  7 ufetubi
  An adder skeleton (Crypt:2)
  4 worms
  4 dart slugs
  79 orcs
  8 ball pythons
  8 bats
  7 endoplasms
  6 giant cockroaches
  8 goblins
  8 hobgoblins
  3 jackals (D:2)
  6 quokkas
  5 frilled lizards
  29 kobolds
  An orc zombie (Crypt:1)
  A quokka skeleton (Crypt:3)
  6 rats
  4 fire vortices (Volcano)
  10 starspawn tentacles
  2 tentacles (Shoals:3)
2920 creatures vanquished.

Vanquished Creatures (others)
  A jiangshi (Depths:1)
  A deep elf knight (Elf:2)
  An orb spider (Spider:4)
  A deep elf zephyrmancer (Elf:1)
  A deep elf pyromancer (Depths:3)
  Maurice (Orc:2)
  2 storm dragon simulacra (Zot:4)
  A komodo dragon (D:10)
  A merfolk (Shoals:1)
  A ghost moth simulacrum (Zot:4)
  A snapping turtle (Shoals:1)
  2 golden eyes (Abyss:1)
  2 bushes
  A fire vortex (Volcano)
  27 fungi
  A lurking horror (Abyss:1)
  86 plants
  11 starspawn tentacles
  5 tentacles (Shoals:3)
  29 withered plants
176 creatures vanquished.

Grand Total: 3096 creatures vanquished

Notes
Turn   | Place    | Note
-------+----------+-------------------------------------------
     0 | D:1      | Iich the Hill Orc Fighter began the quest for the Orb.
     0 | D:1      | Reached XP level 1. HP: 19/19 MP: 1/1
   156 | D:1      | Reached XP level 2. HP: 27/27 MP: 2/2
   466 | D:1      | Reached XP level 3. HP: 33/33 MP: 3/3
   816 | D:2      | Identified the +1 robe of Discretion {Harm +Blink Slay+4}
  1018 | D:2      | Found a hide-covered altar of Uskayaw.
  1302 | D:2      | Reached XP level 4. HP: 41/41 MP: 4/4
  1719 | D:3      | Reached skill level 5 in Axes
  1834 | D:3      | Noticed an ice beast
  1840 | D:3      | Killed an ice beast
  1841 | D:3      | Reached skill level 5 in Fighting
  1841 | D:3      | Reached skill level 1 in Dodging
  1841 | D:3      | Reached XP level 5. HP: 39/48 MP: 5/5
  1965 | D:3      | Found a burning altar of Makhleb.
  2028 | D:3      | Noticed Sigmund
  2041 | D:3      | Killed Sigmund
  2042 | D:3      | Reached XP level 6. HP: 55/56 MP: 3/6
  2744 | D:4      | Noticed Ijyb
  2748 | D:4      | Paralysed by Ijyb for 2 turns
  2754 | D:4      | Paralysed by Ijyb for 2 turns
  2761 | D:4      | Killed Ijyb
  2762 | D:4      | Reached XP level 7. HP: 62/62 MP: 7/7
  3040 | D:4      | Found a sacrificial altar of Ru.
  3175 | D:4      | Found a blossoming altar of Fedhas.
  3219 | D:4      | Found a staircase to the Ecumenical Temple.
  3328 | Temple   | Entered the Ecumenical Temple
  3410 | D:5      | Entered Level 5 of the Dungeon
  3587 | D:5      | Found a radiant altar of Vehumet.
  3693 | D:5      | Reached XP level 8. HP: 38/71 MP: 8/8
  4197 | D:5      | Reached skill level 10 in Axes
  4500 | D:6      | Noticed Dowan
  4618 | Temple   | Became a worshipper of Warmaster Okawaru
  4741 | D:6      | Noticed Pikel
  4767 | D:6      | Killed Pikel
  4767 | D:6      | Reached * piety under Okawaru
  4768 | D:6      | Reached XP level 9. HP: 55/81 MP: 9/9
  4893 | D:6      | Noticed Duvessa
  4909 | D:6      | Killed Duvessa
  4909 | D:6      | Reached ** piety under Okawaru
  4910 | D:6      | Killed Dowan
  4966 | D:6      | Noticed Maggie
  4995 | D:6      | Killed Maggie
  4996 | D:6      | Reached skill level 5 in Dodging
  5333 | D:7      | Noticed Joseph
  5350 | D:7      | Killed Joseph
  5350 | D:7      | Reached *** piety under Okawaru
  5473 | D:7      | Reached XP level 10. HP: 91/91 MP: 8/10
  5880 | D:7      | Reached skill level 1 in Invocations
  6407 | D:7      | Found an opulent altar of Gozag.
  6502 | D:7      | Found Seasheocext's Book Shop.
  6623 | D:8      | Found a hazy altar of Hepliaklqana.
  7407 | D:8      | Found a stormy altar of Qazlal.
  7509 | D:8      | Found a runed translucent door.
  7509 | D:8      | Noticed relicbr's ghost (novice SpDe)
  7558 | D:8      | Killed relicbr's ghost
  7561 | D:8      | Identified the +1 plate armour of Vechaq {rPois}
  7867 | D:8      | Found a snail-covered altar of Cheibriados.
  8210 | D:9      | Noticed Gastronok
  8236 | D:9      | HP: 3/92 [Gastronok (26)]
  8241 | D:9      | Killed Gastronok
  8241 | D:9      | Reached **** piety under Okawaru
  8242 | D:9      | Reached skill level 10 in Fighting
  8506 | D:9      | Paralysed by a hornet for 1 turns
  8694 | D:9      | Reached XP level 11. HP: 79/100 MP: 14/14
  8778 | D:9      | Reached skill level 5 in Invocations
  8867 | D:9      | Found a broken altar of Ashenzari.
  8890 | D:9      | Reached ***** piety under Okawaru
  8987 | D:9      | Reached skill level 15 in Axes
  9303 | D:10     | Entered Level 10 of the Dungeon
  9316 | D:10     | Noticed a two-headed ogre
  9325 | D:10     | Killed a two-headed ogre
  9520 | D:10     | Found a bloodstained altar of Trog.
  9790 | D:10     | Noticed a two-headed ogre
  9805 | D:10     | Killed a two-headed ogre
 10562 | D:10     | Found a staircase to the Lair.
 10963 | Lair:1   | Entered Level 1 of the Lair of Beasts
 10970 | Lair:1   | Received a gift from Okawaru
 11180 | Lair:1   | Reached ****** piety under Okawaru
 11180 | Lair:1   | Identified the +4 broad axe of Doom {elec, rElec rF+}
                  | (Okawaru gifted it to you on level 1 of the Lair of Beasts)
 11180 | Lair:1   | Received a gift from Okawaru
 11181 | Lair:1   | Reached XP level 12. HP: 99/111 MP: 15/15
 11388 | Lair:1   | Identified the +4 battleaxe "Blob" {venom, *Rage Dex+3
                  | SInv}
 11390 | Lair:1   | Noticed a catoblepas
 11406 | Lair:1   | Killed a catoblepas
 11603 | Lair:1   | Got the Writings on the Blaze
 11843 | Lair:1   | Found a runed translucent door.
 11846 | Lair:1   | Noticed arandomgamer's ghost (journeyman HOFi)
 11864 | Lair:1   | Killed arandomgamer's ghost
 11870 | Lair:1   | Identified the ring "Faamirgh" {EV+5 Dex+6}
 12466 | Lair:2   | Found a transporter.
 12467 | Lair:2   | Noticed a boulder beetle
 12468 | Lair:2   | Found a transporter.
 12468 | Lair:2   | Noticed a boulder beetle
 12495 | Lair:2   | Found a hole to the Spider Nest.
 12763 | Lair:2   | Noticed a skyshark
 12773 | Lair:2   | Killed a skyshark
 13784 | Lair:2   | Noticed a death yak
 13784 | Lair:2   | Noticed a death yak
 13788 | Lair:2   | Noticed a death yak
 13800 | Lair:2   | Received a gift from Okawaru
 13806 | Lair:2   | Killed a death yak
 13808 | Lair:2   | Killed a death yak
 13809 | Lair:2   | Reached XP level 13. HP: 66/122 MP: 13/16
 14891 | Lair:3   | Found a staircase to the Shoals.
 15294 | Lair:3   | Received a gift from Okawaru
 16005 | Lair:4   | Received a gift from Okawaru
 16212 | Lair:4   | Reached XP level 14. HP: 122/133 MP: 17/17
 16217 | Lair:4   | Reached skill level 10 in Dodging
 16487 | Lair:4   | Identified the +8 long sword of Currency {heavy, rPois rC-
                  | Int+6 Dex+3}
 16788 | Lair:5   | Entered Level 5 of the Lair of Beasts
 16788 | Lair:5   | Noticed a dire elephant
 17058 | Lair:5   | Killed a dire elephant
 17750 | Lair:5   | Noticed Nabski's ghost (journeyman TeFE)
 17785 | Lair:5   | Found a runed translucent gate.
 17805 | Lair:5   | Reached skill level 15 in Fighting
 17877 | Lair:5   | Found a runed translucent gate.
 17877 | Lair:5   | Found a runed translucent gate.
 18256 | Lair:5   | Found a staircase to the Slime Pits.
 18329 | Lair:5   | Found a viscous altar of Jiyva.
 18605 | Lair:5   | Noticed a dire elephant
 18605 | Lair:5   | Noticed a dire elephant
 18605 | Lair:5   | Noticed a dire elephant
 18636 | Lair:5   | Identified the +6 scale mail of Okawaru's Whim {Rampage
                  | Int+4} (Okawaru gifted it to you on level 5 of the Lair of
                  | Beasts)
 18636 | Lair:5   | Received a gift from Okawaru
 19060 | Lair:5   | Killed a dire elephant
 19065 | Lair:5   | Killed a dire elephant
 19069 | Lair:5   | Killed a dire elephant
 19409 | Lair:5   | Reached XP level 15. HP: 130/143 MP: 11/18
 19415 | Lair:5   | Killed Nabski's ghost
 19599 | Lair:5   | Got Kikubaaqudgh's Anthology of the Charnel House
 19959 | D:11     | Found Odytaph's Book Shop.
 20611 | D:12     | Identified the +4 plate armour of Vexation {rF+ rN+ Dex-5}
                  | (Okawaru gifted it to you on level 12 of the Dungeon)
 20611 | D:12     | Received a gift from Okawaru
 20944 | D:12     | Found a staircase to the Orcish Mines.
 20959 | D:12     | Found Jiumitiy's Pet Rocks.
 21284 | D:13     | You fall into a shaft and drop 1 floor!
 21574 | D:13     | Found Qetunirgh's Antique Weapon Shoppe.
 22549 | D:14     | Reached skill level 5 in Armour
 22549 | D:14     | Reached skill level 5 in Shields
 22700 | D:14     | Noticed Jorgrun
 22747 | D:14     | Killed Jorgrun
 23045 | D:14     | Identified the +7 executioner's axe "Daenek" {freeze, rElec
                  | Str+4} (Okawaru gifted it to you on level 14 of the
                  | Dungeon)
 23045 | D:14     | Received a gift from Okawaru
 23084 | D:14     | Found a glowing golden altar of the Shining One.
 23353 | D:14     | Found a gate to the Vaults.
 23361 | D:14     | Reached XP level 16. HP: 123/152 MP: 19/19
 23853 | D:15     | Entered Level 15 of the Dungeon
 24302 | D:15     | Received a gift from Okawaru
 24415 | D:15     | Found a staircase to the Depths.
 24727 | Spider:1 | Entered Level 1 of the Spider Nest
 25911 | Spider:2 | Identified the +2 chain mail of Feasting {Dex+2} (Okawaru
                  | gifted it to you on level 2 of the Spider Nest)
 25911 | Spider:2 | Received a gift from Okawaru
 25994 | Spider:2 | Identified the amulet "Vicil" {Acrobat -Tele rElec Int+3}
 27057 | Spider:2 | Gained mutation: Your magical capacity is low. (-10% MP)
                  | [mutagenic glow]
 27456 | Spider:3 | Noticed Mlioglotl
 28178 | Spider:3 | Killed Mlioglotl
 28203 | Spider:3 | Identified the ring "Fabrahis" {Fly rPois}
 29160 | Spider:3 | Reached XP level 17. HP: 99/163 MP: 0/18
 29548 | Shoals:1 | Entered Level 1 of the Shoals
 29972 | Shoals:1 | Reached skill level 10 in Shields
 29988 | Shoals:1 | Found a runed translucent gate.
 29988 | Shoals:1 | Found a runed translucent gate.
 29988 | Shoals:1 | Found a runed translucent gate.
 29998 | Shoals:1 | Noticed Parcival's ghost (journeyman MiFi)
 30300 | Shoals:1 | Noticed Firecrotchwizard's ghost (adept VSMo)
 30300 | Shoals:1 | Noticed DiggyJ's ghost (journeyman HOFi)
 30336 | Shoals:1 | Noticed Nikola
 30364 | Shoals:1 | Killed Nikola
 30365 | Shoals:1 | Identified the +1 scale mail of Filth {Harm Int+4} (Okawaru
                  | gifted it to you on level 1 of the Shoals)
 30365 | Shoals:1 | Received a gift from Okawaru
 31764 | Shoals:1 | Identified a scroll of acquirement
 31790 | Shoals:1 | Killed Firecrotchwizard's ghost
 31795 | Shoals:1 | Killed Parcival's ghost
 31815 | Shoals:1 | Killed DiggyJ's ghost
 31827 | Shoals:1 | Acquired the +0 pair of boots of Fashionability {Harm rElec
                  | rN+ Slay+3}
 32300 | Shoals:2 | Noticed Polyphemus
 32314 | Shoals:2 | Killed Polyphemus
 32385 | Shoals:2 | Found Nusyff's Jewellery Shoppe.
 33337 | Shoals:3 | Reached skill level 10 in Armour
 33340 | Shoals:3 | Received a gift from Okawaru
 33347 | Shoals:3 | Noticed a kraken
 33353 | Shoals:3 | Killed a kraken
 33971 | Orc:1    | Entered Level 1 of the Orcish Mines
 34100 | Orc:1    | Noticed Erolcha
 34117 | Orc:1    | Killed Erolcha
 34130 | Orc:1    | Found a roughly hewn altar of Beogh.
 34157 | Orc:1    | Found a dark tunnel.
 34168 | Volcano  | Entered a volcano
 34361 | Volcano  | Reached XP level 18. HP: 173/173 MP: 19/19
 34647 | Orc:2    | Entered Level 2 of the Orcish Mines
 34649 | Orc:2    | Noticed Azrael
 34662 | Orc:2    | Killed Azrael
 34662 | Orc:2    | Received a gift from Okawaru
 34811 | Orc:2    | Noticed Maurice
 34850 | Orc:2    | Found Naat's Jewellery Shop.
 34861 | Orc:2    | Killed Maurice
 34863 | Orc:2    | Found Dekohuc's General Store.
 34863 | Orc:2    | Found Dait's Weapon Boutique.
 34955 | Orc:2    | Found Emoic's Book Shoppe.
 34962 | Orc:2    | Bought the ring "Suotoer" {Fly rPois Slay+3} for 578 gold
                  | pieces
 35006 | Orc:2    | Found a staircase to the Elven Halls.
 35171 | Orc:2    | Noticed Snorg
 35180 | Orc:2    | Killed Snorg
 35666 | Spider:4 | Entered Level 4 of the Spider Nest
 35689 | Spider:4 | Identified the +16 plate armour of the Pirate {*Corrode
                  | rPois rN+++ Slay-5} (Okawaru gifted it to you on level 4 of
                  | the Spider Nest)
 35689 | Spider:4 | Received a gift from Okawaru
 39210 | Spider:4 | Got a gossamer rune of Zot
 39389 | Shoals:4 | Entered Level 4 of the Shoals
 39400 | Shoals:4 | Received a gift from Okawaru
 39967 | Shoals:4 | Noticed Aizul
 39981 | Shoals:4 | Killed Aizul
 39982 | Shoals:4 | Reached XP level 19. HP: 173/183 MP: 20/20
 40353 | Shoals:4 | Got Juitol's Omnibus of Cankerous Cinders
 40522 | Shoals:4 | Reached skill level 15 in Shields
 40562 | Shoals:4 | Received a gift from Okawaru
 40662 | Shoals:4 | Got a barnacled rune of Zot
 40969 | Shoals:4 | Identified the +7 arbalest of Verdant Indomitability
                  | {freeze, rElec rN+ rCorr Str-3}
 41439 | Vaults:1 | Entered Level 1 of the Vaults
 41870 | Vaults:1 | Noticed a dread lich
 41896 | Vaults:1 | Killed a dread lich
 41904 | Vaults:1 | Reached skill level 27 in Axes
 42296 | Vaults:1 | Noticed Saint Roka
 42318 | Vaults:1 | Killed Saint Roka
 42481 | Vaults:1 | Received a gift from Okawaru
 42817 | Vaults:1 | Found a portal to a secret trove of treasure.
 43057 | Vaults:1 | Reached XP level 20. HP: 83/195 MP: 21/21
 43906 | Vaults:2 | Identified the +0 scale mail of Defence {SInv} (Okawaru
                  | gifted it to you on level 2 of the Vaults)
 43906 | Vaults:2 | Received a gift from Okawaru
 45106 | Vaults:2 | Found a staircase to the Crypt.
 45839 | Vaults:3 | Received a gift from Okawaru
 45865 | Vaults:3 | Found Doylekit's Antique Armour Shoppe.
 46607 | Vaults:3 | Reached XP level 21. HP: 202/205 MP: 22/22
 46851 | Vaults:3 | Identified the scarf of Okawaru, Gnashing {Contam rPois
                  | MP+9} (Okawaru gifted it to you on level 3 of the Vaults)
 46851 | Vaults:3 | Received a gift from Okawaru
 47258 | Vaults:4 | Found a transporter.
 47258 | Vaults:4 | Found a transporter.
 47261 | Vaults:4 | Found a bloodstained altar of Trog.
 47270 | Vaults:4 | Noticed Yhaurph's ghost (adept MiFi)
 47412 | Vaults:4 | Found a huge runed gate.
 47412 | Vaults:4 | Found a huge runed gate.
 47412 | Vaults:4 | Found a huge runed gate.
 47412 | Vaults:4 | Found a huge runed gate.
 47413 | Vaults:4 | Found a huge runed gate.
 47413 | Vaults:4 | Found a huge runed gate.
 47418 | Vaults:4 | Found a huge runed gate.
 47418 | Vaults:4 | Found a huge runed gate.
 47418 | Vaults:4 | Found a huge runed gate.
 47418 | Vaults:4 | Found a huge runed gate.
 47418 | Vaults:4 | Found a huge runed gate.
 47419 | Vaults:4 | Found a huge runed gate.
 47419 | Vaults:4 | Found a huge runed gate.
 47420 | Vaults:4 | Found a huge runed gate.
 47430 | Vaults:4 | Found a huge runed gate.
 47431 | Vaults:4 | Found a huge runed gate.
 47432 | Vaults:4 | Found a huge runed gate.
 47433 | Vaults:4 | Found a huge runed gate.
 47441 | Vaults:4 | Found a huge runed gate.
 47441 | Vaults:4 | Found a huge runed gate.
 47441 | Vaults:4 | Found a huge runed gate.
 47441 | Vaults:4 | Found a huge runed gate.
 47441 | Vaults:4 | Found a huge runed gate.
 47441 | Vaults:4 | Found a huge runed gate.
 47442 | Vaults:4 | Found a huge runed gate.
 47443 | Vaults:4 | Found a huge runed gate.
 47444 | Vaults:4 | Found a huge runed gate.
 47453 | Vaults:4 | Found a huge runed gate.
 47453 | Vaults:4 | Found a huge runed gate.
 47453 | Vaults:4 | Found a huge runed gate.
 47453 | Vaults:4 | Found a huge runed gate.
 47453 | Vaults:4 | Found a huge runed gate.
 47459 | Vaults:4 | Found a huge runed gate.
 47460 | Vaults:4 | Found a huge runed gate.
 47461 | Vaults:4 | Found a huge runed gate.
 47463 | Vaults:4 | Found a huge runed gate.
 47597 | Vaults:4 | Found Ishypam's Weapon Shop.
 47673 | Vaults:4 | Reached skill level 15 in Armour
 48462 | Vaults:4 | Noticed a dread lich
 48550 | Vaults:4 | Paralysed by something for 3 turns
 48561 | Vaults:4 | Paralysed by something for 5 turns
 49089 | Vaults:4 | an iron troll changed into a caustic shrike
 49089 | Vaults:4 | Noticed a caustic shrike (glowing shapeshifter)
 49094 | Vaults:4 | a caustic shrike changed into a golden dragon
 49094 | Vaults:4 | Noticed a golden dragon (glowing shapeshifter)
 49095 | Vaults:4 | a golden dragon changed into a caustic shrike
 49095 | Vaults:4 | Noticed a caustic shrike (glowing shapeshifter)
 49096 | Vaults:4 | a caustic shrike changed into an iron giant
 49178 | Vaults:4 | Got Ragainau's Anthology of Unlucky Blows
 49738 | Elf:1    | Entered Level 1 of the Elven Halls
 49765 | Elf:1    | Paralysed by an air elemental for 1 turns
 49841 | Elf:1    | Acquired a manual of Invocations
 49975 | Elf:1    | Got the Guide on Trauma
 50044 | Elf:1    | Found a glowing golden altar of the Shining One.
 50044 | Elf:1    | Found a glowing silver altar of Zin.
 50045 | Elf:1    | Found a crumbling gateway.
 50046 | Elf:1    | Found a white marble altar of Elyvilon.
 50150 | Desolati | Entered the Desolation of Salt
 50280 | Desolati | Reached XP level 22. HP: 199/217 MP: 25/25
 50340 | Desolati | Identified the +4 troll leather armour of the Distant
                  | Future {Regen+ Str+3}
 50618 | Desolati | Received a gift from Okawaru
 50719 | Desolati | Found the +8 arc blade {discharge, rElec}
 50724 | Desolati | Identified the amulet "Itwenwegg" {Acrobat rCorr Str+2}
 50729 | Desolati | Reached skill level 10 in Invocations
 51186 | Desolati | Identified the ring "Adeomp" {Drain rF++ Will+ AC+4 Dex+3}
 51297 | Desolati | Identified the +7 rapier "Razaopuidgh" {holy, rElec rN+
                  | Int-5 Dex+2}
 51306 | Desolati | Identified the +6 mace of Nike {flame, rN+ Int+5}
 51315 | Desolati | Got the Codex of Variable Vitiation
 51588 | Elf:1    | Identified the +4 glaive of the Doomed Warrior {drain,
                  | Str+2 SInv Stlth-}
 51694 | Elf:1    | Identified the -1 kite shield "Zuetez" {Str+3} (Okawaru
                  | gifted it to you on level 1 of the Elven Halls)
 51694 | Elf:1    | Received a gift from Okawaru
 52113 | Elf:1    | Found Puqet's Antique Weapon Shoppe.
 52148 | Elf:1    | You fall into a shaft and drop 1 floor!
 52341 | Elf:2    | Found a runed translucent gate.
 52341 | Elf:2    | Found a runed translucent gate.
 52341 | Elf:2    | Found a runed translucent gate.
 52640 | Elf:2    | Identified Roxanne's Parchment of Shapeshifting
 52640 | Elf:2    | Noticed Roxanne
 52646 | Elf:2    | Found an ancient bone altar of Kikubaaqudgha.
 52670 | Elf:2    | Killed Roxanne
 52843 | Elf:2    | Reached skill level 1 in Maces & Flails
 53433 | Vaults:1 | You paid a toll of 5 potions of resistance to enter a
                  | treasure trove
 53434 | Trove    | Entered a treasure trove
 53442 | Trove    | Identified the amulet "Juig" {Spirit rElec rPois rF++}
 53445 | Trove    | Identified the +2 plate armour of Courage {Harm rC- rN+++
                  | Dex-3}
 53451 | Trove    | Identified the ring of Daffodils {Ice Dex+3 Stlth+}
 53715 | Depths:1 | Entered Level 1 of the Depths
 53824 | Depths:1 | Found a magical portal.
 53845 | WizLab   | Entered Wucad Mu's Monastery
 54116 | WizLab   | Found the +9 staff of Wucad Mu {*channel}
 54267 | WizLab   | Reached XP level 23. HP: 227/227 MP: 28/30
 54589 | Depths:1 | Found a gateway to Hell.
 55113 | Depths:1 | Reached XP level 24. HP: 227/236 MP: 29/30
 55247 | Depths:1 | Found a one-way gate leading to the halls of Pandemonium.
 55308 | Depths:1 | Identified the +1 ring mail "Jarebroz" {-Cast rF+ Str+3
                  | Slay+2} (Okawaru gifted it to you on level 1 of the Depths)
 55308 | Depths:1 | Received a gift from Okawaru
 55560 | Depths:1 | Found an ornate altar of the Wu Jian Council.
 55753 | Depths:2 | Reached skill level 15 in Invocations
 55772 | Depths:2 | Found a one-way gateway to a ziggurat.
 55857 | Depths:2 | Found Peoni's Magic Scroll Boutique.
 55897 | Depths:2 | Bought a scroll of acquirement for 936 gold pieces
 55897 | Depths:2 | Acquired 604 gold pieces
 56269 | Depths:2 | Found a one-way gate to the infinite horrors of the Abyss.
 56346 | Depths:2 | Reached skill level 5 in Maces & Flails
 57286 | Depths:3 | Identified the +2 robe of Fabulous Brilliance {rPois Str+3}
 57393 | Depths:3 | Identified the +1 scale mail of the Tarantula {Str+2 Int+4}
                  | (Okawaru gifted it to you on level 3 of the Depths)
 57393 | Depths:3 | Received a gift from Okawaru
 58233 | Depths:4 | Entered Level 4 of the Depths
 58739 | Depths:3 | Identified the +3 pair of gloves of Indomitability {Int+3
                  | Stlth+}
 58906 | Depths:3 | Identified the +5 ice dragon scales of Valour {rElec rF-
                  | rC++ rN+ rCorr}
 59103 | Depths:4 | Noticed Louise
 59124 | Depths:4 | Killed Louise
 59262 | Depths:4 | Noticed the Enchantress
 59274 | Depths:4 | Reached XP level 25. HP: 189/255 MP: 25/31
 59294 | Depths:4 | Killed the Enchantress
 59669 | Depths:4 | Found a gate to the Realm of Zot.
 60003 | Depths:4 | Reached skill level 27 in Fighting
 60341 | Depths:4 | Voluntarily entered the Abyss.
 60503 | Abyss:1  | Found a corrupted altar of Lugonu.
 60634 | Abyss:1  | Found a corrupted altar of Lugonu.
 60646 | Abyss:1  | Found a corrupted altar of Lugonu.
 60646 | Abyss:1  | Found a corrupted altar of Lugonu.
 60655 | Abyss:1  | Received a gift from Okawaru
 60670 | Abyss:1  | Found a corrupted altar of Lugonu.
 60759 | Abyss:1  | Found a corrupted altar of Lugonu.
 60764 | Abyss:1  | Found a corrupted altar of Lugonu.
 60795 | Abyss:1  | Found a corrupted altar of Lugonu.
 60923 | Abyss:1  | Found a corrupted altar of Lugonu.
 61019 | Abyss:1  | Gained mutation: Armour fits poorly on your strangely
                  | shaped body. [a neqoxec]
 61046 | Abyss:1  | Found a corrupted altar of Lugonu.
 61076 | Abyss:1  | Found a corrupted altar of Lugonu.
 61105 | Abyss:1  | Found a corrupted altar of Lugonu.
 61497 | Abyss:2  | Found a corrupted altar of Lugonu.
 61787 | Abyss:3  | Gained mutation: Your magical capacity is very low. (-20%
                  | MP) [a neqoxec]
 61808 | Abyss:3  | Received a gift from Okawaru
 61847 | Abyss:3  | Found a corrupted altar of Lugonu.
 61851 | Abyss:3  | Paralysed by a floating eye for 3 turns
 61851 | Abyss:3  | Gained mutation: Your body sometimes deteriorates upon
                  | taking damage. [a shining eye]
 61857 | Abyss:3  | Got an abyssal rune of Zot
 61858 | Abyss:3  | Paralysed by a floating eye for 3 turns
 61991 | Abyss:3  | Reached skill level 10 in Maces & Flails
 62175 | Abyss:3  | Identified the scarf of the Moon {Rampage rCorr Str-3
                  | Stlth+} (Okawaru gifted it to you on level 3 of the Abyss)
 62175 | Abyss:3  | Received a gift from Okawaru
 62280 | Depths:4 | Escaped the Abyss
 62283 | Depths:4 | Lost mutation: Armour fits poorly on your strangely shaped
                  | body. [potion of mutation]
 62283 | Depths:4 | Lost mutation: Your body sometimes deteriorates upon taking
                  | damage. [potion of mutation]
 62283 | Depths:4 | Lost mutation: Your magical capacity is very low. (-20% MP)
                  | [potion of mutation]
 62283 | Depths:4 | Gained mutation: You are robust. (+10% HP) [potion of
                  | mutation]
 62283 | Depths:4 | Gained mutation: You are clumsy. (Dex -2) [potion of
                  | mutation]
 62647 | Vaults:4 | You fall into a shaft and drop 1 floor!
 62647 | Vaults:5 | Entered Level 5 of the Vaults
 62710 | Vaults:5 | Reached XP level 26. HP: 279/292 MP: 28/31
 63477 | Vaults:5 | Noticed a dread lich
 63502 | Vaults:5 | Killed a dread lich
 63932 | Vaults:5 | Received a gift from Okawaru
 64004 | Vaults:5 | Identified the +4 war axe of Wukkeawn {drain, Drain rF+
                  | Will++ Stlth+} (Okawaru gifted it to you on level 5 of the
                  | Vaults)
 64004 | Vaults:5 | Received a gift from Okawaru
 64085 | Vaults:5 | Identified the +5 morningstar of Teoluc {venom, rF+++ Str-5
                  | Int+4}
 64225 | Vaults:5 | Noticed Frederick
 64235 | Vaults:5 | Killed Frederick
 64339 | Vaults:5 | Got a silver rune of Zot
 64521 | Vaults:5 | Identified the +1 robe of the Five of Swords {*Slow Will+++
                  | Slay+2}
 65106 | Elf:3    | Entered Level 3 of the Elven Halls
 65677 | Elf:3    | Gained mutation: You occasionally lose the ability to drink
                  | potions when taking damage. [a cacodemon]
 66406 | Elf:3    | Lost mutation: Your magical capacity is low. (-10% MP)
                  | [potion of mutation]
 66406 | Elf:3    | Lost mutation: You are robust. (+10% HP) [potion of
                  | mutation]
 66406 | Elf:3    | Gained mutation: Your muscles are strong. (Str +4, Int/Dex
                  | -1) [potion of mutation]
 66407 | Elf:3    | Lost mutation: You occasionally lose the ability to drink
                  | potions when taking damage. [potion of mutation]
 66407 | Elf:3    | Lost mutation: Your muscles are strong. (Str +4, Int/Dex
                  | -1) [potion of mutation]
 66407 | Elf:3    | Gained mutation: You have a somewhat thin skeletal
                  | structure. (Dex +2, Stealth+) [potion of mutation]
 66407 | Elf:3    | Gained mutation: You have a pair of small horns on your
                  | head. [potion of mutation]
 66437 | Elf:3    | Received a gift from Okawaru
 66473 | Elf:3    | Identified the +3 halberd "Rotut" {flame, *Rage rPois rN++
                  | rCorr}
 66546 | Elf:3    | Reached XP level 27. HP: 166/273 MP: 29/35
 66786 | Elf:3    | Identified the amulet of Weehesem {RegenMP rC+ Will+ Str+4
                  | Dex+3}
 66786 | Elf:3    | Identified the +8 mace of Crusades {venom, Fly rN+}
 66824 | Elf:3    | Got Sif Muna's Vellum of Petrified Companions
 66835 | Elf:3    | Identified the +1 shortbow "Pohuikk" {heavy, rF++ Dex+3}
 67418 | Zot:1    | Entered Level 1 of the Realm of Zot
 70095 | Zot:2    | Acquired 882 gold pieces
 71488 | Zot:3    | Received a gift from Okawaru
 72577 | Zot:4    | Identified the ring of Hon Cidgh {Ice rN+ Dex+4 Stlth+}
 72577 | Zot:4    | Noticed Josephina
 72600 | Zot:4    | Killed Josephina
 72958 | Zot:4    | Noticed an orb of fire
 72968 | Zot:4    | Gained mutation: Armour fits poorly on your strangely
                  | shaped body. [an orb of fire]
 72972 | Zot:4    | Killed an orb of fire
 73468 | Zot:4    | Found the +4 dragonskin cloak
 73468 | Zot:4    | Noticed Tiamat
 73602 | Zot:4    | Noticed an orb of fire
 73610 | Zot:4    | Gained mutation: A frigid envelope surrounds you and
                  | freezes all who hurt you. [an orb of fire]
 73616 | Zot:4    | Killed an orb of fire
 73616 | Zot:4    | Received a gift from Okawaru
 73640 | Zot:4    | Reached skill level 15 in Dodging
 73895 | Zot:4    | Identified the +1 ring mail "Bovissy" {rF+ Str+4 Stlth-}
                  | (Okawaru gifted it to you on level 4 of the Realm of Zot)
 73895 | Zot:4    | Received a gift from Okawaru
 73919 | Zot:4    | Killed Tiamat
 74224 | Zot:5    | Entered Level 5 of the Realm of Zot
 74251 | Zot:5    | Noticed an orb of fire
 74251 | Zot:5    | Gained mutation: You occasionally lose the ability to read
                  | scrolls when taking damage. [an orb of fire]
 74256 | Zot:5    | Gained mutation: Your magical capacity is low. (-10% MP)
                  | [an orb of fire]
 74261 | Zot:5    | Gained mutation: You have hidden genetic defects. [an orb
                  | of fire]
 74262 | Zot:5    | Killed an orb of fire
 75018 | Zot:5    | Acquired the +3 tower shield of the Tundras {MP+9 Dex+3}
 76133 | Zot:5    | Noticed a dread lich
 76151 | Zot:5    | Killed a dread lich
 76176 | Zot:5    | Noticed an orb of fire
 76183 | Zot:5    | Gained mutation: Your magical capacity is very low. (-20%
                  | MP) [an orb of fire]
 76183 | Zot:5    | Gained mutation: You are dopey. (Int -2) [an orb of fire]
 76188 | Zot:5    | Killed an orb of fire
 76190 | Zot:5    | Noticed an orb of fire
 76204 | Zot:5    | Gained mutation: You are vulnerable to cold. (rC-) [an orb
                  | of fire]
 76206 | Zot:5    | Killed an orb of fire
 76218 | Zot:5    | Gained mutation: You are occasionally teleported next to
                  | monsters. [hidden defects]
 76963 | Zot:5    | Noticed an orb of fire
 77076 | Zot:5    | Gained mutation: You are frail. (-10% HP) [an orb of fire]
 77082 | Zot:5    | Killed an orb of fire
 77238 | Zot:5    | Noticed an ancient lich
 77254 | Zot:5    | Killed an ancient lich
 78005 | Zot:5    | Noticed an orb of fire
 78005 | Zot:5    | Noticed an orb of fire
 78006 | Zot:5    | Noticed a dread lich
 78009 | Zot:5    | Gained mutation: You are very dopey. (Int -4) [an orb of
                  | fire]
 78016 | Zot:5    | Gained mutation: Your magical capacity is extremely low.
                  | (-30% MP) [an orb of fire]
 78017 | Zot:5    | Lost mutation: You are occasionally teleported next to
                  | monsters. [an orb of fire]
 78019 | Zot:5    | Gained mutation: Your spells are a little easier to cast,
                  | but a little less powerful. [an orb of fire]
 78026 | Zot:5    | Killed an orb of fire
 78026 | Zot:5    | Gained mutation: You are very clumsy. (Dex -4) [an orb of
                  | fire]
 78030 | Zot:5    | Gained mutation: You are weak. (Str -2) [an orb of fire]
 78030 | Zot:5    | Gained mutation: Your body sometimes deteriorates upon
                  | taking damage. [an orb of fire]
 78036 | Zot:5    | Killed an orb of fire
 78036 | Zot:5    | Identified the +5 kite shield of the Sea {Str+4 SInv}
                  | (Okawaru gifted it to you on level 5 of the Realm of Zot)
 78036 | Zot:5    | Received a gift from Okawaru
 78043 | Zot:5    | Killed a dread lich
 78049 | Zot:5    | Noticed a dread lich
 78066 | Zot:5    | Gained mutation: You are very vulnerable to cold. (rC--)
                  | [hidden defects]
 78066 | Zot:5    | Lost mutation: You have hidden genetic defects. [hidden
                  | defects expressed]
 78069 | Zot:5    | Killed a dread lich
 78080 | Zot:5    | Noticed an ancient lich
 78094 | Zot:5    | Killed an ancient lich
 79182 | Slime:1  | Entered Level 1 of the Pits of Slime
 79213 | Slime:1  | Gained mutation: You occasionally lose the ability to drink
                  | potions when taking damage. [a shining eye]
 79400 | Slime:5  | Entered Level 5 of the Pits of Slime
 79664 | Slime:5  | Noticed the Royal Jelly
 79681 | Slime:5  | Killed the Royal Jelly
 80462 | Slime:5  | Gained mutation: You sometimes lose your temper in combat.
                  | [a shining eye]
 80538 | Slime:5  | Got a slimy rune of Zot
 80577 | Slime:5  | Identified the +1 leather armour of Aqaowk {*Corrode rElec
                  | rC+++ Int-5}
 80603 | Slime:5  | Identified the +1 robe "Qyewn" {rF- Will+ Int+3}
 80829 | Slime:5  | Lost mutation: You are very vulnerable to cold. (rC--)
                  | [potion of mutation]
 80829 | Slime:5  | Lost mutation: You have a pair of small horns on your head.
                  | [potion of mutation]
 80829 | Slime:5  | Lost mutation: You are very clumsy. (Dex -4) [potion of
                  | mutation]
 80829 | Slime:5  | Gained mutation: You have hidden genetic potential. [potion
                  | of mutation]
 80830 | Slime:5  | Lost mutation: You occasionally lose the ability to drink
                  | potions when taking damage. [potion of mutation]
 80830 | Slime:5  | Lost mutation: You have hidden genetic potential. [potion
                  | of mutation]
 80830 | Slime:5  | Lost mutation: You occasionally lose the ability to read
                  | scrolls when taking damage. [potion of mutation]
 81147 | Slime:1  | Gained mutation: You have an uncontrollable temper. [a
                  | shining eye]
 81149 | Slime:1  | Gained mutation: You occasionally lose the ability to drink
                  | potions when taking damage. [a shining eye]
 81480 | Crypt:1  | Entered Level 1 of the Crypt
 81497 | Crypt:1  | Received a gift from Okawaru
 81531 | Crypt:1  | Noticed Mennas
 81544 | Crypt:1  | Killed Mennas
 81708 | D:14     | Fell from the grace of Okawaru
 81708 | D:14     | Became a worshipper of the Shining One
 81905 | Crypt:1  | Found a transporter.
 81950 | Crypt:1  | Reached * piety under the Shining One
 82035 | Crypt:1  | Found a transporter.
 82115 | Crypt:1  | Noticed an ancient lich
 82115 | Crypt:1  | Reached ** piety under the Shining One
 82136 | Crypt:1  | Killed an ancient lich
 82149 | Crypt:1  | HP: 13/367 [ancient champion/iron shot (44)]
 82183 | Crypt:2  | Reached *** piety under the Shining One
 82230 | Crypt:2  | Reached **** piety under the Shining One
 82638 | Crypt:1  | Reached ***** piety under the Shining One
 83463 | Crypt:1  | Identified the amulet of Trepidation {Acrobat rElec rPois
                  | Str-4 Int+6}
 83483 | Crypt:1  | Lost mutation: You have a somewhat thin skeletal structure.
                  | (Dex +2, Stealth+) [potion of mutation]
 83483 | Crypt:1  | Lost mutation: A frigid envelope surrounds you and freezes
                  | all who hurt you. [potion of mutation]
 83483 | Crypt:1  | Lost mutation: You are clumsy. (Dex -2) [potion of
                  | mutation]
 83483 | Crypt:1  | Lost mutation: Your body sometimes deteriorates upon taking
                  | damage. [potion of mutation]
 83483 | Crypt:1  | Gained mutation: You have sharp fingernails. [potion of
                  | mutation]
 83485 | Crypt:1  | Identified the ring of Kyekky {rElec rPois rC+ MP-9 EV+5}
 83496 | Crypt:1  | Identified the +3 spear of Moderation {vamp, Will+ Int+3
                  | Dex-5 SInv}
 83529 | Crypt:2  | Identified the +0 scale mail "Wit Ytesk" {rElec Int+7 Dex-3
                  | Stlth-}
 83654 | Crypt:2  | Noticed Grunn
 83657 | Crypt:2  | Reached skill level 27 in Shields
 83667 | Crypt:2  | Killed Grunn
 84193 | Crypt:2  | Identified the ring of Taobe {rF- EV+5 Dex+4 SInv}
 84199 | Crypt:2  | Reached ****** piety under the Shining One
 84563 | Crypt:3  | Entered Level 3 of the Crypt
 84571 | Crypt:3  | Reached skill level 15 in Maces & Flails
 84576 | Crypt:3  | Noticed Vv
 84600 | Crypt:3  | Killed Vv
 84753 | Crypt:3  | Found a staircase to the Tomb.
 85325 | Crypt:3  | Found a basalt altar of Yredelemnul.
 85343 | Crypt:3  | Found the +5 scythe "Finisher" {speed, eviscerate}
 85378 | Crypt:3  | Identified the ring of Conformity {+Blink rN+ Str+3 Dex+4}
 85378 | Crypt:3  | Identified the ring "Mepaeny" {rPois rN+}
 85378 | Crypt:3  | Identified the ring "Plog" {Fly rC+ rN+ Int-4}
 85911 | Crypt:3  | Lost mutation: You occasionally lose the ability to drink
                  | potions when taking damage. [potion of mutation]
 85911 | Crypt:3  | Lost mutation: You have sharp fingernails. [potion of
                  | mutation]
 85911 | Crypt:3  | Lost mutation: You are vulnerable to cold. (rC-) [potion of
                  | mutation]
 85911 | Crypt:3  | Gained mutation: Your spells are easier to cast, but less
                  | powerful. [potion of mutation]
 85911 | Crypt:3  | Gained mutation: You have a somewhat thin skeletal
                  | structure. (Dex +2, Stealth+) [potion of mutation]
 86935 | Zot:5    | Got the Orb of Zot
 86937 | Zot:5    | Noticed Luhyi the pandemonium lord
 86946 | Zot:5    | Killed Luhyi the pandemonium lord
 87099 | Zot:2    | Gained mutation: You are very frail. (-20% HP) [a neqoxec]
 87167 | Zot:1    | Gained mutation: Your body sometimes deteriorates upon
                  | taking damage. [a cacodemon]
 87213 | Zot:1    | Noticed Mykish the pandemonium lord
 87226 | Zot:1    | Killed Mykish the pandemonium lord
 87523 | Depths:3 | Gained mutation: You are clumsy. (Dex -2) [a neqoxec]
 87842 | D:10     | Was forgiven by Okawaru
 87850 | D:10     | HP: 5/218 [deep elf blademaster/+0 rapier[the fury of
                  | Okawaru] (15)]
 87851 | D:10     | Shot with an arrow by a deep elf master archer

Illustrated notes

Levels and vault maps discovered:
D:1:      minmay_arrival_hallway, layout_loops_ring, nrook_mini_backslash,
          nicolae_eternal_life, chequers_serial_rivers_marsh, st_stairs_10
D:2:      layout_loops_cross, basic_altar
D:3:      minmay_razor_zed, layout_basic, bloody_makhleb, uniq_sigmund
D:4:      layout_loops_ring, nicolae_ru_great_annihilating_truth,
          kennysheep_little_box, minmay_temple_entry_fiery, uniq_ijyb
D:5:      layout_basic, overflow_temple_1_default, grunt_ministairs_4
D:6:      layout_loops_ring, uniq_maggie, uniq_duvessa, uniq_pikel
D:7:      layout_loops_corners, lemuel_coloured_pillars_altar,
          nicolae_take_the_stairs, kennysheep_generic_room_16, uniq_joseph
D:8:      layout_rooms, nicolae_qazlal_general_emergency,
          mainiacjoe_overflow_chevrons, mainiacjoe_overflow_brackets,
          ebering_ghost_inner_flame, minivault_24, kennysheep_doodads
D:9:      layout_layer_cave, mainiacjoe_overflow_paths, uniq_gastronok
D:10:     layout_long_grid, lemuel_doored_altar, erik_lair_dragon
D:11:     layout_long_grid, serial_shops, shop, minmay_door_square
D:12:     layout_small_grid, orc_0_dummy, guppyfry_shop_earth
D:13:     layout_loops_cross, serial_shops, shop
D:14:     layout_irregular_city, grunt_vaults_entry_tiered,
          nicolae_tso_carved_into_rock, serial_bayou_pond_b, uniq_jorgrun
D:15:     grunt_enter_depths_hoard, layout_basic, dk_noncrumbling_4
Temple:   nicolae_temple_no_exploring_needed
Lair:1:   layout_long_grid, ebering_ghost_reflecting_pool, columned_hall_lemuel,
          beast_lair_carwin_7, serial_bayou_shore_a
Lair:2:   gammafunk_boulding_lane, layout_layer_cave,
          nicolae_spider_entry_non_spiders, kennysheep_abandoned_house,
          lemuel_fruit_tree
Lair:3:   layout_gridlike, elwin_shoals_entry_stream
Lair:4:   layout_small_grid
Lair:5:   due_jungle_book, layout_regular_city, slime_entry_1,
          gammafunk_ghost_split, nicolae_lair_yak_garden, grunt_megastairs_3
Shoals:1: cheibrodos_shoals_satyrical_garden, layout_shoals,
          gammafunk_ghost_cemetery, uniq_nikola
Shoals:2: layout_shoals, serial_shops, shop, uniq_polyphemus
Shoals:3: layout_shoals
Shoals:4: shoals_end_grunt_ice, layout_shoals, uniq_aizul
Spider:1: layout_spider_delve, nicolae_spider_swamp_cousins
Spider:2: layout_cave_pods, hangedman_spider_tarantella_strand
Spider:3: layout_spider_delve, special_room [special_room_bee],
          nicolae_spider_moth_buddies, uniq_mlioglotl
Spider:4: guppyfry_spider_rune, nicolae_spider_webs_and_nodes, worms_lemuel
Slime:1:  layout_caves
Slime:2:  layout_caves
Slime:3:  layout_caves
Slime:4:  layout_caves
Slime:5
Orc:1:    layout_caves, lightli_volcano_entry_magma_tube, basic_altar,
          uniq_erolcha
Orc:2:    st_orc_rangers, layout_caves, uniq_azrael, uniq_maurice, uniq_snorg
Elf:1:    layout_gridlike, serial_shops, shop,
          portal_desolation_entry_holy_temple, minmay_elf_annihilation,
          drop_trap, nicolae_elf_blasts_and_bolts
Elf:2:    elven_hall_of_blades_hangedman_original [nicolae_blade_tridents],
          layout_loops_ring, basic_altar, kennysheep_underground_church,
          uniq_roxanne
Elf:3:    elf_hall_gauntlet_wide, layout_geoelf_castle
Vaults:1: ontoclasm_vaults_eye, nicolae_vaults_network_square,
          vaults_dpeg_hooks, dpeg_vaults_monster_row, vaults_room_grid,
          vaults_mumra_minichess_inversion, nicolae_vaults_ninety_degrees,
          vaults_standard_mumra_x, nicolae_vaults_little_ls, layout_vaults_ring,
          nicolae_trove_entry_diagonal, uniq_saint_roka
Vaults:2: nicolae_vaults_alarming, dpeg_vaults_waves,
          minmay_crypt_entry_simple_corners, nicolae_vaults_circle_grid_b,
          vaults_mumra_hexcomb, ontoclasm_vaults_idyll, v_misc_8,
          grunt_vaults_hallway_short, vaults_room_fours,
          nicolae_vaults_rhombus_5, layout_vaults_quadrants
Vaults:3: grunt_vaults_bifocal, vaults_mumra_chevron_long, v_misc_9,
          grunt_vaults_diagonal, ontoclasm_vaults_claustrophobia, st_lines,
          nicolae_vaults_asterisk, hangedman_vaults_hat,
          nicolae_vaults_big_angled_halls, v_pattern_3, v_misc_18,
          nicolae_vaults_border_crossing, v_alt_pattern_6,
          ontoclasm_vaults_fault, layout_vaults_maze_bifur, serial_shops,
          nicolae_lakefront_shop
Vaults:4: gammafunk_ghost_wrathful_warriors, door_vault, vaults_mumra_chevron,
          nicolae_vaults_sealed_display, vaults_room_fours,
          hangedman_vaults_river_flow, nicolae_vaults_circle_grid_b,
          v_alt_pattern_3, nicolae_vaults_three_branches, v_misc_18,
          nicolae_vaults_asterisk, v_misc_16, v_misc_9, layout_vaults_omnibox,
          serial_shops, nicolae_shop_crystal
Vaults:5: serial_shops, uniq_frederick
Crypt:1:  gammafunk_dig_for_victory, layout_chaotic_city, hex_medium,
          grunt_ministairs_3, uniq_mennas
Crypt:2:  layout_misc_corridors, small_chamber_with_monster, grunt_megastairs_1,
          uniq_grunn
Crypt:3:  church_of_pain_bobbens, layout_chaotic_city,
          nicolae_tomb_entry_unfolded_pyramid_orthogonal, st_stairs_5,
          uniq_margery, uniq_vv
Depths:1: layout_cave_pools, hell_entry, pan_entry,
          pdpol_wu_jian_five_deadly_venoms, infiniplex_enter_wizlab_glasses,
          abandoned_shop, grunt_decor_arrowhead,
          nicolae_concentric_dashed_squares_mild, lemuel_flame_loot_1
Depths:2: minmay_chopped_fan, layout_honeycomb, enter_ziggurat_f,
          abyss_entry_crystal, grunt_mini_vestibule, kennysheep_pointless_box,
          serial_shops, shop, rand_demon_pan_entry_8,
          infiniplex_staircase_zigzag_2
Depths:3: hangedman_arrow_trap, layout_gridlike, abyss_entry_small_statue_room,
          hell_entry, minivault_11, minmay_misc_feat_rows, st_stairs_14,
          serial_bayou_shore_b
Depths:4: evilmike_zot_entry_hall, layout_basic,
          nicolae_abyss_entry_one_way_or_another, hell_entry,
          wad_floor_pattern_2, uniq_enchantress
Zot:1:    layout_concentric_octagons
Zot:2:    layout_misc_corridors
Zot:3:    layout_basic
Zot:4:    layout_gridlike, lemuel_baited_zot_trap, uniq_tiamat, uniq_josephina
Zot:5:    layout_twisted_circle

Skill      XL: |  1  2  3  4  5  6  7  8  9 10 11 12 13 14 15 16 17 18 19 20 21 22 23 24 25 26 27 |
---------------+----------------------------------------------------------------------------------+-----
Axes           | 3 4 5 6 7 8 11 12 14 16 19 21 22 24 25 26 27 | 27.0
Fighting       | 4 5 6 8 9 10 11 13 14 15 16 17 18 19 20 21 22 23 26 27 | 27.0
Dodging        | 1 2 3 4 5 6 7 8 9 11 12 19 | 19.0
Invocations    | 4 5 8 14 16 | 16.0
Armour         | 6 8 10 11 13 14 15 17 18 19 21 25 | 25.1
Shields        | 6 9 12 14 16 19 20 21 22 23 24 27 | 27.0
Maces & Flails | 2 6 11 13 17 | 17.8

Action                     |  1- 3 |  4- 6 |  7- 9 | 10-12 | 13-15 | 16-18 | 19-21 | 22-24 | 25-27 || total
---------------------------+-------+-------+-------+-------+-------+-------+-------+-------+-------++-------
  Melee: War axe           |   106 |   117 |   341 |   412 |       |       |       |       |       ||   976
         Broad axe         |       |       |       |   193 |   866 |  1341 |  1215 |  1114 |  2186 ||  6915
         Headbutt          |       |       |       |       |       |       |       |       |   367 ||   367
         Sacred scourge    |       |       |       |       |       |       |       |       |  1048 ||  1048
 Invoke: Heroism           |       |       |     1 |     7 |     5 |    13 |    12 |     3 |    15 ||    56
         Finesse           |       |       |       |     1 |     4 |     4 |     7 |     2 |     8 ||    26
         Cleansing Flame   |       |       |       |       |       |       |       |       |    22 ||    22
         Divine Shield     |       |       |       |       |       |       |       |       |     2 ||     2
         Summon Divine War |       |       |       |       |       |       |       |       |     1 ||     1
  Evoke: Wand              |       |       |       |     1 |     5 |     8 |     1 |     1 |    16 ||    32
         Phial of floods   |       |       |       |       |       |     1 |     2 |       |     3 ||     6
         Tin of tremorston |       |       |       |       |       |       |     5 |       |     7 ||    12
         Condenser vane    |       |       |       |       |       |       |       |       |     1 ||     1
         Lightning rod     |       |       |       |       |       |       |       |       |     2 ||     2
    Use: Scroll            |     4 |     5 |     5 |    11 |     4 |    10 |     6 |    10 |    18 ||    73
         Potion            |     1 |     1 |     3 |     4 |     1 |     6 |     8 |     4 |    15 ||    43
   Stab: Paralysed         |       |       |     2 |       |       |       |       |       |       ||     2
         Confused          |       |       |       |     2 |       |       |       |       |       ||     2
         Invisible         |       |       |       |       |     1 |       |       |       |       ||     1
         Sleeping          |       |       |       |       |     1 |     1 |       |       |       ||     2
         Distracted        |       |       |       |       |     1 |     1 |       |       |     4 ||     6
 Armour: Scale mail        |    52 |       |       |       |   107 |   346 |       |       |       ||   505
         Chain mail        |    13 |    76 |   175 |       |       |     1 |       |       |       ||   265
         Swamp dragon scal |       |       |     6 |   101 |       |       |       |       |       ||   107
         Plate armour      |       |       |       |    26 |   156 |   165 |   385 |   435 |   607 ||  1774
  Dodge: Dodged            |    53 |    34 |   128 |   256 |   451 |   872 |   392 |   500 |  1045 ||  3731
  Block: Buckler           |    24 |    22 |    60 |   261 |   325 |       |       |       |       ||   692
         Reflection        |       |       |     2 |     4 |    22 |   134 |    67 |    14 |       ||   243
         Tower shield      |       |       |       |       |   201 |  1992 |  1451 |  1249 |  2947 ||  7840

Table legend: (Time is in decaauts)
 A = Elapsed time spent in this place.
 B = Non-inter-level travel time spent in this place.
 C = Inter-level travel time spent in this place.
 D = Time resting spent in this place.
 E = Time spent auto-exploring this place.
 F = Levels seen in this place.
 G = Mean time per level.
                   A        B        C        D        E       F      G
               +--------+--------+--------+--------+--------+-----+--------+
         Total |  86326 |  79064 |   7262 |  17237 |  45974 |  63 | 1370.3 |
       Dungeon |  18271 |  15244 |   3027 |   1589 |  10896 |  15 | 1218.1 |
        Temple |     21 |     20 |      1 |      0 |      0 |   1 |   21.0 |
          Lair |  10062 |   9526 |    536 |   2100 |   6109 |   5 | 2012.4 |
        Shoals |   4867 |   4550 |    317 |    281 |   3418 |   4 | 1216.8 |
   Spider Nest |   8481 |   8172 |    309 |   3193 |   3572 |   4 | 2120.2 |
    Slime Pits |   1949 |   1865 |     84 |   1145 |    350 |   5 |  389.8 |
  Orcish Mines |   1238 |   1087 |    151 |      0 |    835 |   2 |  619.0 |
   Elven Halls |   3951 |   3762 |    189 |    455 |   2251 |   3 | 1317.0 |
        Vaults |  10887 |   9812 |   1075 |   1693 |   6233 |   5 | 2177.4 |
         Crypt |   4443 |   4288 |    155 |   1098 |   2041 |   3 | 1481.0 |
        Depths |   6696 |   5802 |    894 |    890 |   3713 |   4 | 1674.0 |
           Zot |  11216 |  10698 |    518 |   4576 |   4436 |   5 | 2243.2 |
         Abyss |   1813 |   1813 |      0 |     66 |    895 |   3 |  604.3 |
         Trove |     59 |     59 |      0 |      0 |      5 |   1 |   59.0 |
       Volcano |    291 |    291 |      0 |      0 |    165 |   1 |  291.0 |
        Wizlab |    666 |    666 |      0 |      0 |    291 |   1 |  666.0 |
    Desolation |   1408 |   1408 |      0 |    149 |    761 |   1 | 1408.0 |
               +--------+--------+--------+--------+--------+-----+--------+

Top non-repeatable levels by time:
   Zot:5: 4544 daAuts
Spider:3: 3418 daAuts
Vaults:4: 3176 daAuts
Spider:2: 2441 daAuts
Vaults:1: 2425 daAuts
  Lair:3: 2408 daAuts
   Zot:1: 2326 daAuts
    D:10: 2297 daAuts
  Lair:2: 2269 daAuts
    D:14: 2248 daAuts
Depths:4: 2187 daAuts
Vaults:2: 2131 daAuts
  Lair:5: 2088 daAuts
Depths:2: 1907 daAuts
   Elf:3: 1864 daAuts
